Map: Ulrena

Players

lIlIlIlIlIlI - Winner!

  • Race: Terran Terran
  • League: Diamond

ILLBdA

  • Race: Protoss Protoss
  • League: Diamond

VOD

Have the link to the VOD?

Description

Time

  • Played on: Dec. 29, 2015, noon
  • Length: 23:26
Show
View Real Time Build Order
Export as new Build Order

lIlIlIlIlIlI Terran - Winner!

Build Orders: MMM Bio 

Get SALT Encoding   

  12  0:01  SCV  
  13  0:13  SCV  
  14  0:19  Supply Depot  
  14  0:25  SCV  
  15  0:40  SCV  
  16  0:43  Barracks  
  16  0:52  SCV  
  17  1:15  Command Center  
  17  1:27  SCV  
  17  1:30  Barracks  
  17  1:31  Marine  
  19  1:40  SCV  
  20  1:50  Barracks  
  20  1:51  Marine  
  21  2:11  Marine  
  22  2:18  Orbital Command  
  22  2:19  Engineering Bay  
  22  2:23  Marine  
  22  2:27  Orbital Command  
  23  2:37  Marine  
  23  2:41  Refinery  
  23  2:42  Marine  
  25  2:48  Bunker  
  24  3:05  Marine  
  25  3:14  Supply Depot  
  25  3:16  Marine x2  
  28  3:27  Bunker  
  28  3:29  Refinery  
  28  3:30  Missile Turret  
  28  3:31  SCV  
  28  3:33  SCV  
  30  3:38  Marine x2  
  31  3:45  Bunker  
  31  3:50  Missile Turret  
  31  3:54  SCV  
  31  3:55  SCV  
  33  4:04  Missile Turret  
  33  4:13  Factory  
  33  4:16  Marine  
  33  4:18  Marine x2  
  33  4:19  SCV  
  35  4:34  Marine  
  35  4:35  Marine  
  37  4:38  Missile Turret  
  37  4:40  SCV  
  37  4:44  Missile Turret  
  38  4:50  Supply Depot, Missile Turret  
  38  4:54  Supply Depot  
  38  5:11  SCV x2, Marine  
  42  5:14  Marine  
  43  5:23  SCV  
  43  5:28  SCV, Barracks Tech Lab  
  44  5:29  Missile Turret, Marine  
  44  5:34  Terran Infantry Weapons Level 1  
  45  5:35  SCV  
  45  5:40  SCV  
  47  5:52  Stimpack  
  47  5:57  SCV x2, Starport, Barracks Reactor  
  47  5:58  Refinery  
  47  5:59  Refinery  
  49  6:06  Marine x2  
  49  6:08  Factory Reactor  
  49  6:09  SCV  
  49  6:10  SCV  
  52  6:21  SCV  
  52  6:22  SCV  
  52  6:24  Missile Turret  
  54  6:30  Missile Turret  
  54  6:31  Supply Depot  
  54  6:32  Supply Depot  
  54  6:52  Medivac x2, Marine x2  
  61  6:56  SCV  
  61  6:57  Command Center, SCV  
  61  7:00  Factory Tech Lab  
  63  7:05  Marauder  
  64  7:13  SCV x2, Barracks  
  66  7:16  Marine  
  67  7:26  Barracks Tech Lab, Marauder  
  67  7:27  SCV  
  67  7:28  Medivac x2  
  74  7:33  SCV  
  74  7:35  Terran Infantry Armor Level 1  
  74  7:36  Marine  
  76  7:48  Marauder  
  78  7:51  Liberator  
  78  7:53  Combat Shields  
  78  7:55  Supply Depot  
  78  8:04  Supply Depot  
  78  8:09  SCV  
  78  8:12  Factory Tech Lab  
  82  8:16  Marauder  
  82  8:17  Marauder  
  86  8:20  Orbital Command  
  86  8:29  Marine x2  
  86  8:30  Marauder  
  90  8:58  Marauder, Marine x3  
  90  9:00  Orbital Command  
  90  9:02  Liberator x2  
  95  9:06  Missile Turret  
  95  9:08  Missile Turret  
  95  9:14  Missile Turret  
  95  9:20  Siege Tank  
  95  9:21  Marauder, Marine x2  
  108  9:27  SCV  
  108  9:29  SCV  
  93  9:42  SCV x3  
  96  9:45  Refinery  
  96  9:46  Refinery  
  96  9:47  Marauder  
  96  9:49  Armory, Liberator x2  
  96  9:51  Engineering Bay  
  98  9:54  SCV x3  
  101  10:00  Ghost Academy  
  101  10:06  SCV x2  
  109  10:17  Barracks  
  109  10:28  Barracks  
  109  10:30  Personal Cloaking  
  109  10:31  Siege Tank, Marine  
  109  10:32  Supply Depot, Marauder  
  115  10:36  Terran Infantry Weapons Level 2  
  115  10:37  Terran Infantry Armor Level 2  
  115  10:40  SCV x2, Liberator  
  117  10:44  SCV  
  117  10:47  Missile Turret  
  118  10:51  Marauder, Marine  
  118  10:52  SCV  
  118  10:53  Barracks Reactor  
  118  10:56  Terran Vehicle Weapons Level 1  
  122  11:00  SCV x2  
  127  11:04  SCV  
  128  11:16  Barracks Tech Lab  
  128  11:24  Barracks Reactor  
  128  11:25  Marauder x2  
  132  11:30  Supply Depot, Marauder  
  134  11:35  Supply Depot  
  134  11:49  Marauder x2, Marine x2  
  134  11:50  Marine  
  143  11:55  Liberator x2  
  143  11:58  Barracks  
  143  12:08  Ghost  
  141  12:10  Ghost  
  151  12:15  Ghost  
  151  12:18  Barracks Tech Lab  
  153  12:26  SCV  
  153  12:27  SCV  
  153  12:28  Marine x2  
  153  12:29  Command Center  
  157  12:31  Command Center  
  157  12:36  Ghost  
  157  12:39  Ghost, Marauder  
  165  12:55  Terran Infantry Weapons Level 3  
  165  12:59  Ghost  
  165  13:00  Terran Infantry Armor Level 3  
  165  13:18  Missile Turret  
  165  13:21  Missile Turret  
  165  13:24  Liberator  
  165  13:40  Marine x4  
  167  13:53  Marine x2  
  167  13:54  Marauder x2  
  148  13:57  Liberator  
  148  13:58  Marine  
  148  14:02  Marine x2  
  110  14:03  Siege Tank  
  110  14:06  Liberator  
  100  14:11  Marauder  
  100  14:12  Marine, Marauder  
  100  14:15  Marauder x2  
  102  14:20  Orbital Command  
  102  14:22  Planetary Fortress  
  105  14:25  Marine x2  
  105  14:30  Starport  
  107  14:32  Terran Ship Weapons Level 1  
  107  14:33  Marauder x2  
  107  14:36  Marauder  
  110  14:55  SCV x4  
  114  15:07  SCV, Sensor Tower  
  114  15:13  Viking x2  
  114  15:14  Refinery, Starport Reactor  
  119  15:16  Marine x3  
  119  15:17  Ghost, Marauder x2, Sensor Tower, Marine  
  129  15:22  Refinery  
  129  15:41  Liberator x2  
  129  15:47  Viking  
  129  15:48  Viking  
  133  15:54  Command Center  
  133  15:57  Armory  
  133  15:58  Ghost x2  
  133  16:02  Liberator  
  143  16:08  Armory  
  143  16:16  Ghost  
  145  16:19  Viking  
  145  16:21  Ghost  
  145  16:22  Barracks Tech Lab  
  152  16:27  Terran Ship Weapons Level 2, Ghost  
  152  16:30  Liberator x2  
  154  16:45  Building Armor  
  154  16:47  Ghost  
  154  16:48  Ghost  
  164  17:03  Viking x2  
  164  17:04  Ghost  
  164  17:05  Ghost, Missile Turret  
  172  17:09  Marine x2  
  172  17:14  Orbital Command  
  168  17:25  Missile Turret  
  168  17:29  Missile Turret  
  168  17:39  Ghost x4  
  174  17:47  Liberator  
  174  17:48  Liberator  
  173  17:59  Refinery  
  173  18:01  Refinery, Ghost  
  173  18:03  Viking x2  
  185  18:10  Terran Vehicle And Ship Armor Level 1  
  185  18:26  Ghost x2  
  189  18:33  Neosteel Frame  
  189  18:36  Viking, Liberator  
  191  18:53  Viking  
  196  19:30  Liberator x3  
  133  19:45  Marine  
  133  19:46  Marauder x3, Marine  
  133  19:47  Siege Tank  
  131  19:58  Marauder, Marine  
  129  20:03  Marine  
  129  20:04  Marine  
  131  20:07  Marauder  
  131  20:08  Terran Vehicle And Ship Armor Level 2, Terran Ship Weapons Level 3, Marauder  
  131  20:13  Marauder  
  137  20:16  Marine  
  137  20:19  Siege Tank  
  137  20:20  Marauder  
  143  20:25  Liberator x3  
  143  20:29  Marine x2  
  143  20:30  Marauder x2  
  143  20:34  Marauder  
  148  20:40  Marauder  
  148  20:41  Marine  
  144  20:51  Marauder  
  146  20:57  Ghost x2  
  146  20:58  Ghost  
  146  21:00  Medivac  
  146  21:03  Marine x2  
  146  21:04  Marauder  
  158  21:18  Command Center  
  158  21:23  Siege Tank  
  151  21:49  Liberator x2  
  151  21:51  Marauder, Marine x2  
  133  21:54  Marine  
  133  21:55  Marauder  
  133  21:56  Viking x2  
  126  22:04  Marine  
  126  22:05  Marauder  
  135  22:12  Ghost x2  
  139  22:37  Marine x5  
  133  22:41  Marine x2  
  139  22:51  Refinery  
  139  22:52  Refinery  
  139  22:53  Viking x2  
  139  22:54  Viking x2, Ghost x2, Marine x2  
  139  22:55  Marine  
  152  22:58  Marine  
  152  23:01  Marine  
Show
View Real Time Build Order
Export as new Build Order

ILLBdA Protoss 

Build Orders: Oracle Opening 

Get SALT Encoding   

  12  0:01  Probe (Chrono Boost)  
  13  0:11  Probe (Chrono Boost)  
  14  0:19  Pylon  
  14  0:22  Probe (Chrono Boost)  
  15  0:38  Probe (Chrono Boost)  
  15  0:39  Gateway  
  16  0:48  Probe (Chrono Boost)  
  16  0:49  Assimilator  
  17  0:53  Assimilator  
  17  0:59  Probe (Chrono Boost)  
  18  1:09  Probe (Chrono Boost)  
  19  1:14  Gateway  
  19  1:20  Probe (Chrono Boost)  
  20  1:29  Cybernetics Core  
  20  1:30  Probe (Chrono Boost)  
  21  1:35  Pylon  
  21  1:41  Probe (Chrono Boost)  
  22  2:06  Mothership Core (Chrono Boost), Adept x2  
  22  2:07  Warp Gate  
  28  2:23  Pylon  
  28  2:53  Stargate  
  28  3:03  Nexus  
  28  3:10  Stalker  
  28  3:11  Stalker, Pylon  
  32  3:25  Pylon  
  32  3:31  Probe (Chrono Boost)  
  33  3:36  Oracle (Chrono Boost)  
  36  3:42  Probe  
  36  3:46  Robotics Facility  
  37  3:56  Probe  
  37  4:00  Forge  
  38  4:14  Oracle (Chrono Boost)  
  38  4:16  Probe  
  41  4:17  Probe  
  43  4:30  Probe  
  44  4:34  Probe, Protoss Ground Weapons Level 1 (Chrono Boost)  
  44  4:37  Photon Cannon  
  42  4:47  Warp Prism  
  44  4:53  Probe x2  
  46  5:03  Probe  
  47  5:11  Oracle  
  50  5:32  Probe x2  
  52  5:43  Nexus  
  52  5:46  Pylon  
  52  5:47  Probe  
  52  5:49  Probe, Robotics Bay  
  53  5:53  Observer  
  55  6:01  Probe  
  55  6:02  Probe  
  56  6:04  Assimilator  
  56  6:06  Assimilator  
  56  6:07  Pylon  
  56  6:10  Oracle (Chrono Boost)  
  60  6:20  Probe  
  60  6:21  Probe  
  62  6:32  Probe x2  
  63  6:39  Disruptor (Chrono Boost)  
  64  6:43  Zealot x2  
  64  6:44  Probe x2  
  73  6:53  Protoss Ground Armor Level 1 (Chrono Boost)  
  73  6:56  Probe  
  73  6:58  Photon Cannon  
  74  7:01  Photon Cannon  
  74  7:03  Probe  
  74  7:06  Pylon  
  75  7:08  Gravitic Drive (Chrono Boost)  
  75  7:10  Oracle  
  78  7:18  Disruptor (Chrono Boost)  
  81  7:29  Probe x2  
  82  7:31  Probe  
  82  7:35  Assimilator  
  84  7:38  Assimilator  
  84  7:40  Probe  
  84  7:41  Probe  
  86  7:48  Zealot, Pylon  
  86  7:49  Zealot  
  86  7:50  Disruptor (Chrono Boost)  
  93  7:57  Probe  
  94  8:08  Robotics Facility  
  94  8:09  Robotics Facility  
  94  8:11  Probe  
  94  8:12  Probe  
  95  8:13  Probe  
  95  8:18  Oracle  
  100  8:22  Probe  
  100  8:23  Pylon  
  100  8:24  Probe  
  100  8:26  Pylon  
  102  8:34  Pylon  
  102  8:39  Pylon  
  102  8:40  Pylon  
  102  8:43  Pylon  
  102  8:44  Pylon  
  102  8:52  Probe x2  
  102  8:53  Oracle  
  107  8:55  Pylon  
  107  8:58  Disruptor  
  107  8:59  Sentry  
  107  9:00  Sentry  
  114  9:18  Photon Cannon  
  114  9:25  Stargate  
  114  9:27  Photon Cannon  
  114  9:28  Photon Cannon  
  114  9:29  Phoenix  
  116  9:40  Disruptor (Chrono Boost)  
  116  9:41  Disruptor (Chrono Boost)  
  116  9:45  Fleet Beacon  
  122  9:47  Probe  
  122  9:52  Probe x2, Pylon  
  124  9:59  Phoenix  
  127  10:06  Twilight Council  
  127  10:09  Phoenix  
  129  10:16  Disruptor (Chrono Boost)  
  129  10:18  Probe x2  
  129  10:19  Probe  
  135  10:24  Phoenix  
  137  10:34  Phoenix  
  139  10:37  Zealot  
  139  10:38  Zealot  
  143  10:45  Probe  
  143  10:49  Gateway, Phoenix  
  146  10:50  Probe  
  146  10:51  Gateway  
  146  10:56  Gateway  
  147  10:58  Gateway, Anion Pulse-Crystals (Chrono Boost)  
  147  10:59  Pylon, Phoenix  
  147  11:03  Disruptor  
  149  11:08  Disruptor  
  161  11:24  Phoenix  
  163  11:26  Probe  
  163  11:30  Probe  
  165  11:35  Probe  
  166  11:41  Disruptor  
  166  11:43  Disruptor  
  163  11:52  Zealot x3  
  171  11:58  Templar Archives  
  171  12:15  Tempest x2  
  171  12:21  Stargate  
  171  12:22  Probe, Stargate  
  172  12:23  Probe  
  173  12:36  Probe  
  174  12:38  Protoss Ground Armor Level 2 (Chrono Boost)  
  174  12:41  Nexus  
  174  12:44  Pylon  
  174  12:45  Charge  
  174  12:57  Tempest  
  174  12:58  Photon Cannon  
  178  13:00  Photon Cannon x2  
  178  13:02  Tempest, Photon Cannon  
  188  13:07  Tempest  
  188  13:09  Photon Cannon  
  186  13:16  Zealot  
  188  13:25  Pylon  
  188  13:27  Pylon  
  188  13:30  Gateway  
  188  13:32  Gateway  
  188  13:36  Gateway  
  188  13:37  Gateway  
  188  13:40  Gateway  
  188  13:42  Tempest  
  167  13:58  Tempest  
  167  14:02  Stalker  
  154  14:03  Stalker x5  
  143  14:16  Tempest  
  144  14:25  Tempest  
  144  14:28  Zealot x2  
  144  14:29  Zealot x2  
  156  14:33  Probe  
  156  14:38  Probe  
  158  14:40  Assimilator  
  158  14:41  Assimilator  
  158  14:42  Disruptor  
  151  14:55  Tempest  
  151  14:57  Zealot  
  151  14:58  Zealot x2  
  161  15:16  Pylon, Protoss Ground Armor Level 3  
  161  15:18  Pylon  
  161  15:19  Tempest  
  161  15:20  Pylon  
  165  15:26  Zealot x3  
  165  15:27  Zealot  
  173  15:46  High Templar  
  173  15:47  High Templar  
  173  15:49  Zealot x2  
  181  15:50  Zealot x2  
  181  15:51  Zealot  
  187  15:58  Archon  
  187  16:00  Probe  
  187  16:03  Pylon  
  188  16:04  Pylon  
  188  16:06  Pylon  
  194  16:21  Observer  
  195  16:53  Adept x2  
  199  17:27  Probe  
  200  17:37  Dark Shrine  
  200  17:38  Protoss Ground Weapons Level 2  
  200  17:49  Nexus  
  196  17:51  Pylon  
  196  17:53  Probe, Assimilator  
  196  17:55  Assimilator  
  196  17:57  Blink  
  197  18:06  Gateway  
  197  18:09  Gateway  
  197  18:10  Gateway  
  197  18:12  Gateway  
  197  18:14  Stargate  
  197  18:16  Pylon  
  197  18:22  Stargate  
  197  18:23  Mothership Core  
  191  18:54  Probe  
  192  18:59  Probe  
  192  19:08  Tempest x2  
  110  19:54  Tempest x4  
  110  19:57  Stalker x3  
  110  19:58  Stalker x3  
  110  19:59  Zealot  
  128  20:00  Zealot x4  
  126  20:24  Zealot  
  126  20:25  Zealot x2  
  126  20:26  Zealot x5  
  126  20:27  Zealot x3  
  135  20:37  Tempest x4  
  139  20:47  Zealot x3  
  139  20:48  Zealot x3  
  150  20:54  Zealot  
  150  20:55  Zealot  
  154  20:59  Probe  
  155  21:15  Observer  
  156  21:19  Tempest  
  156  21:20  Tempest  
  144  21:51  Stalker  
  144  21:52  Stalker x3  
  108  22:11  Zealot  
  108  22:12  Zealot x3  
  116  22:16  Observer  
  113  22:43  Zealot x2  
  117  23:02  Dark Templar  
  117  23:13  Zealot  
  117  23:14  Zealot  
Tags
 
Composition
MMM Bio
Matchup
PvT
Replay Pack
me
Add a new tag
Caveats
  • Supply blocks, unpowered buildings, or Contaminate may cause inaccurate times.
  • Supply counts are checked every 10 seconds.